 Dungeon Crawl Stone Soup version 0.29-a0-643-ga013cefcf8 (webtiles) character file.

Game seed: 7003081102518685543

329 IdlyInterested the Slasher (level 6, -1/49 HPs)
             Began as a Demonspawn Gladiator on June 19, 2022.
             Killed by nerve-wracking pain
             ... invoked by an orc priest
              (10 damage)
             ... on level 4 of the Dungeon.
             The game lasted 00:10:03 (3988 turns).

IdlyInterested the Slasher (Demonspawn Gladiator)   Turns: 3988, Time: 00:10:04

Health: -1/49      AC: 11    Str: 14      XL:     6   Next: 25%
Magic:  6/6        EV:  7    Int:  8 (9)  God:
Gold:   120        SH:  0    Dex: 17      Spells: 5/5 levels left

rFire   . . .      SeeInvis .   a - +0 long sword (venom)
rCold   . . .      Faith    .   (no shield)
rNeg    . . .      Spirit   .   o - +0 chain mail
rPois   .          Reflect  .   q - +0 helmet
rElec   .          Harm     .   f - +0 cloak
rCorr   .          Rampage  .   (no gloves)
Will    +....                   (no boots)
Stlth   ..........              (no amulet)
HPRegen 0.16/turn               j - ring of willpower
MPRegen 0.20/turn               b - ring of flight

@: flying
A: rugged brown scales 1, magic regeneration
a: no special abilities


You were on level 4 of the Dungeon.
You visited 1 branch of the dungeon, and saw 4 of its levels.

You collected 120 gold pieces.

Inventory:

Hand Weapons
 a - a +0 long sword of venom (weapon)
 m - a +1 falchion of protection
 v - a +3 dagger
Missiles
 d - 3 throwing nets
 e - a javelin
 g - 16 stones
 k - 6 poisoned darts (quivered)
Armour
 f - a +0 cloak (worn)
 o - a +0 chain mail (worn)
 q - a +0 helmet (worn)
Jewellery
 b - a ring of flight (right hand)
 j - a ring of willpower (left hand)
Wands
 p - a wand of quicksilver (7)
Scrolls
 c - a scroll of brand weapon
 u - a scroll of magic mapping
Potions
 h - 2 potions of brilliance
 i - a potion of heal wounds
 n - a potion of curing


   Skills:
 * Level 4.2 Fighting
 * Level 4.6 Long Blades
 - Level 2.0 Throwing
 - Level 2.0 Armour
 - Level 3.0 Dodging
 + Level 0.0 Invocations
 + Level 0.0 Evocations


You had 5 spell levels left.
You didn't know any spells.
Your spell library was empty.

Dungeon Overview and Level Annotations

Branches:
Dungeon (4/15)             Temple (0/1) D:4

Altars:


Innate Abilities, Weirdness & Mutations

You are partially covered in rugged brown scales. (AC +1, +3% HP)
You regenerate magic rapidly.


Message History

Your Fighting skill increases to level 4!
Your Armour skill increases to level 2!
You have reached level 6!
You start resting.
An orc comes into view. It is wielding a +0 trident.
The orc shouts!
You hear a shout!
You hear an angry growl.
Found a staircase to the Ecumenical Temple.
The orc hits you from afar with a +0 trident.
An orc comes into view. It is wielding a +0 trident.
An orc priest comes into view. It is wielding a +0 mace.
The orc shouts!
The orc priest casts a cantrip, but nothing happens.
The orc closely misses you.
You slash the orc!
You kill the orc!
The orc hits you from afar with a +0 trident.
* * * LOW HITPOINT WARNING * * *
The orc priest misses you. The orc hits you but does no damage.
You hit the orc priest but do no damage.
The orc priest is poisoned.
The orc hits you but does no damage.
The orc priest hits you but does no damage.
You hit the orc priest.
The orc priest is lightly wounded.
A black bear comes into view.
The orc closely misses you. The orc priest hits you with a +0 mace.
* * * LOW HITPOINT WARNING * * *
The black bear growls angrily.
You hit the orc priest but do no damage.
The orc priest is lightly wounded.
The orc priest barely misses you. The orc hits you with a +0 trident.
* * * LOW HITPOINT WARNING * * *
The orc hits you but does no damage.
The orc priest attacks as you move away!
The orc priest hits you with a +0 mace.
* * * LOW HITPOINT WARNING * * *
You hit the orc priest.
The orc priest looks even sicker.
The orc priest is moderately wounded.
The orc priest mumbles some strange prayers to Beogh against you.
Pain shoots through your body!
You die...

.( ?.# #..###.# #. #
#..(.#.# ...
#.###.##(#.# #.#
.....##)#.#####.#
#.....†...##...## #
##.#.##.#...8....##
###.##..#..............#
#......@...........<.8..
..#...##o)..............
...#.#..#..#.####8.....#
# #.ho.#....# ##......
#....#....## #####.#
....>.......# ####.#
.#....##....# #....)
#....# .#...# #.##.#
#..#. .... ###.##.#


You could see an orc priest (very poisoned).

Vanquished Creatures
  An ogre (D:4)
  A hound (D:4)
  2 orc priests
  Robin (D:3)
  6 adders
  A shadow imp (D:3)
  An ufetubus (D:4)
  A dart slug (D:3)
  7 orcs
  7 ball pythons
  8 endoplasms
  2 giant cockroaches (D:2)
  7 goblins
  8 hobgoblins
  2 quokkas (D:2)
  7 bats
  4 frilled lizards
  6 kobolds
  4 rats
76 creatures vanquished.

Notes
Turn   | Place    | Note
-------+----------+-------------------------------------------
     0 | D:1      | IdlyInterested the Demonspawn Gladiator began the quest for
                  | the Orb.
     0 | D:1      | Reached XP level 1. HP: 16/16 MP: 1/1
   735 | D:1      | Gained mutation: You regenerate magic rapidly. [demonic
                  | ancestry]
   735 | D:1      | Reached XP level 2. HP: 22/22 MP: 2/2
  1218 | D:2      | Reached XP level 3. HP: 26/28 MP: 3/3
  1829 | D:2      | Reached skill level 1 in Armour
  1829 | D:2      | Gained mutation: You are partially covered in rugged brown
                  | scales. (AC +1, +3% HP) [demonic ancestry]
  1829 | D:2      | Reached XP level 4. HP: 20/35 MP: 4/4
  2814 | D:3      | Noticed Robin
  2840 | D:3      | Killed Robin
  2841 | D:3      | Reached XP level 5. HP: 33/42 MP: 5/5
  3959 | D:4      | Noticed an ogre
  3972 | D:4      | Killed an ogre
  3973 | D:4      | Reached XP level 6. HP: 18/49 MP: 6/6
  3977 | D:4      | Found a staircase to the Ecumenical Temple.
  3988 | D:4      | Killed from afar by an orc priest

Illustrated notes

Levels and vault maps discovered:
D:1:      lemuel_arrival_tunnels, layout_basic, hangedman_decor_lopped,
          minivault_25
D:2:      layout_basic, st_stairs_4
D:3:      layout_basic, uniq_robin
D:4:      layout_loops_cross, minmay_temple_entry_mini_moons, grunt_ministairs_1

Skill      XL: |  1  2  3  4  5 |
---------------+----------------+-----
Long Blades    | 3 4 |  4.6
Throwing       | 2 |  2.0
Dodging        | 3 |  3.0
Armour         | 1 2 |  2.0
Fighting       | 3 4 |  4.2

Action                   |  1- 3 |  4- 6 || total
-------------------------+-------+-------++-------
Melee: Long sword        |    76 |    33 ||   109
       Falchion          |    38 |    86 ||   124
Throw: Dart              |       |     7 ||     7
Evoke: Wand              |       |     2 ||     2
  Use: Scroll            |     2 |     6 ||     8
       Potion            |     1 |     6 ||     7
 Stab: Sleeping          |     1 |       ||     1
Armor: Leather armour    |    24 |       ||    24
       Scale mail        |    61 |    25 ||    86
       Chain mail        |       |    89 ||    89
Dodge: Dodged            |    92 |    56 ||   148

Table legend: (Time is in decaauts)
 A = Elapsed time spent in this place.
 B = Non-inter-level travel time spent in this place.
 C = Inter-level travel time spent in this place.
 D = Time resting spent in this place.
 E = Time spent auto-exploring this place.
 F = Levels seen in this place.
 G = Mean time per level.
                   A        B        C        D        E       F      G
               +--------+--------+--------+--------+--------+-----+--------+
         Total |   4024 |   3890 |    134 |    394 |   2775 |   4 | 1006.0 |
       Dungeon |   4024 |   3890 |    134 |    394 |   2775 |   4 | 1006.0 |
               +--------+--------+--------+--------+--------+-----+--------+

Top non-repeatable levels by time:
     D:3: 1469 daAuts
     D:2: 1401 daAuts
     D:1: 966 daAuts
     D:4: 186 daAuts
